Map: Honorgrounds LE

Players

Rugi - Winner!

  • Race: Zerg Zerg
  • League: Master
  • Spawn Location: 5:00

Loken

  • Race: Protoss Protoss
  • League: Platinum
  • Spawn Location: 1:00

VOD

Have the link to the VOD?

Description

Time

  • Played on: March 30, 2017, 5:37 a.m.
  • Length: 11:21
Show
View Real Time Build Order
Export as new Build Order

Rugi Zerg - Winner!

Build Orders: Hatch First 

Get SALT Encoding   

  12  0:01  Drone  
  13  0:10  Drone  
  14  0:18  Overlord  
  14  0:24  Drone, Extractor  
  15  0:38  Drone x2  
  17  0:57  Hatchery  
  17  0:59  Drone  
  17  1:03  Drone  
  18  1:13  Extractor  
  17  1:20  Spawning Pool  
  17  1:23  Drone  
  17  1:26  Drone  
  17  1:31  Drone  
  19  1:43  Drone  
  20  1:51  Overlord  
  20  2:09  Queen x2  
  20  2:13  Zergling x4  
  26  2:16  Metabolic Boost  
  26  2:18  Drone  
  26  2:22  Drone  
  28  2:24  Drone  
  29  2:30  Drone  
  29  2:35  Drone  
  31  2:48  Hatchery  
  31  2:51  Drone  
  31  2:54  Overlord  
  31  3:00  Drone x2  
  33  3:06  Drone  
  33  3:07  Drone  
  35  3:18  Drone x2  
  36  3:21  Queen x2  
  40  3:31  Drone  
  40  3:32  Drone  
  42  3:38  Overlord  
  42  3:42  Drone x2, Roach Warren  
  42  3:44  Overlord  
  43  3:50  Overlord  
  43  3:57  Drone  
  43  3:58  Drone x2  
  43  4:01  Drone  
  47  4:03  Drone x5  
  47  4:04  Drone  
  53  4:18  Drone  
  53  4:19  Drone x2  
  53  4:22  Drone, Extractor  
  56  4:28  Drone x2  
  58  4:31  Lair  
  58  4:39  Drone  
  58  4:40  Drone x6  
  58  4:45  Extractor  
  64  4:47  Overlord x3  
  64  5:02  Spore Crawler  
  63  5:10  Roach x5  
  63  5:11  Roach x6  
  85  5:16  Overlord  
  85  5:30  Overlord  
  85  5:32  Overseer  
  85  5:35  Pneumatized Carapace  
  85  5:38  Drone x3  
  85  5:39  Drone  
  85  5:40  Overlord x3  
  85  5:42  Extractor  
  88  5:43  Spore Crawler  
  88  5:44  Extractor  
  86  5:57  Drone x2  
  86  5:58  Drone  
  86  5:59  Drone x2  
  90  6:05  Drone x3  
  90  6:08  Drone  
  90  6:10  Overlord  
  94  6:12  Extractor  
  94  6:13  Evolution Chamber  
  94  6:14  Drone, Evolution Chamber  
  94  6:15  Drone x3, Baneling Nest  
  94  6:34  Roach  
  94  6:35  Roach x2  
  94  6:36  Glial Reconstitution  
  100  6:49  Zerg Melee Weapons Level 1, Zerg Ground Armor Level 1  
  100  6:56  Hatchery  
  100  6:57  Overlord x3  
  101  7:01  Drone x3, Spore Crawler x2  
  101  7:02  Drone, Spore Crawler  
  100  7:14  Hydralisk Den  
  99  7:18  Drone x2  
  99  7:19  Spore Crawler  
  99  7:20  Hatchery, Spore Crawler  
  99  7:22  Queen x3  
  104  7:31  Ravager x2  
  104  7:32  Ravager  
  103  7:50  Hydralisk  
  103  7:51  Hydralisk x16  
  117  8:00  Hydralisk x2  
  117  8:01  Hydralisk  
  121  8:16  Muscular Augments, Hydralisk  
  123  8:24  Drone  
  123  8:25  Drone x8  
  132  8:28  Queen  
  132  8:33  Roach x4  
  142  8:38  Centrifical Hooks  
  142  8:43  Queen  
  142  8:47  Drone x2  
  142  8:48  Drone  
  147  8:50  Spore Crawler  
  147  8:51  Drone x2  
  147  8:52  Spine Crawler  
  147  8:53  Spore Crawler  
  146  8:57  Spine Crawler, Drone  
  146  8:59  Spine Crawler  
  146  9:01  Overlord x2  
  145  9:02  Zerg Melee Weapons Level 2  
  145  9:11  Zergling x10  
  145  9:13  Overlord x5  
  150  9:24  Extractor  
  150  9:25  Extractor, Spore Crawler  
  150  9:26  Spine Crawler  
  150  9:27  Drone x3  
  150  9:28  Spine Crawler, Drone, Spore Crawler  
  133  9:51  Hydralisk x8  
  133  9:52  Hydralisk x4  
  149  10:39  Hydralisk x6  
  149  10:40  Hydralisk x7  
  175  10:43  Roach x2  
  175  10:45  Zergling x18  
  175  10:46  Zergling x2  
Show
View Real Time Build Order
Export as new Build Order

Loken Protoss 

Build Orders: 1 Gate Expand 

Get SALT Encoding   

  12  0:01  Probe (Chrono Boost)  
  13  0:12  Probe (Chrono Boost)  
  14  0:20  Pylon  
  14  0:26  Probe (Chrono Boost)  
  15  0:38  Probe (Chrono Boost)  
  16  0:44  Gateway  
  16  0:49  Probe (Chrono Boost)  
  17  0:59  Probe (Chrono Boost)  
  18  1:10  Probe (Chrono Boost)  
  19  1:21  Probe (Chrono Boost)  
  20  1:31  Nexus  
  20  1:41  Cybernetics Core  
  20  1:43  Pylon  
  20  1:45  Probe (Chrono Boost)  
  21  1:51  Zealot  
  23  1:59  Assimilator  
  23  2:04  Probe (Chrono Boost)  
  24  2:14  Pylon  
  24  2:17  Probe (Chrono Boost)  
  25  2:25  Assimilator  
  25  2:27  Probe (Chrono Boost)  
  26  2:38  Probe (Chrono Boost)  
  26  2:42  Warp Gate  
  27  2:48  Probe (Chrono Boost)  
  28  2:58  Probe x2 (Chrono Boost)  
  30  3:08  Probe (Chrono Boost)  
  30  3:09  Probe (Chrono Boost)  
  32  3:15  Stalker  
  32  3:19  Probe (Chrono Boost)  
  35  3:25  Twilight Council  
  35  3:27  Probe (Chrono Boost)  
  35  3:30  Probe (Chrono Boost)  
  36  3:37  Probe (Chrono Boost)  
  36  3:39  Robotics Facility  
  37  3:42  Pylon  
  37  3:43  Assimilator  
  37  3:44  Probe (Chrono Boost)  
  37  3:48  Probe (Chrono Boost)  
  39  3:52  Stalker  
  39  3:54  Assimilator, Probe (Chrono Boost)  
  42  3:58  Probe (Chrono Boost)  
  42  4:01  Pylon  
  43  4:08  Probe (Chrono Boost)  
  43  4:09  Probe (Chrono Boost)  
  45  4:19  Probe (Chrono Boost)  
  45  4:20  Probe (Chrono Boost)  
  47  4:29  Probe (Chrono Boost)  
  48  4:32  Stargate  
  48  4:34  Stargate  
  48  4:44  Observer  
  49  4:48  Protoss Air Weapons Level 1  
  49  4:50  Forge  
  49  4:58  Probe (Chrono Boost)  
  50  5:02  Stalker  
  52  5:09  Probe (Chrono Boost)  
  53  5:14  Void Ray x2  
  53  5:16  Probe (Chrono Boost)  
  53  5:20  Probe (Chrono Boost)  
  64  5:28  Probe (Chrono Boost)  
  64  5:33  Gateway  
  64  5:35  Gateway x2  
  64  5:43  Pylon  
  64  5:46  Pylon  
  64  5:54  Nexus  
  64  5:55  Void Ray  
  64  5:56  Pylon  
  68  6:06  Pylon  
  68  6:08  Void Ray  
  72  6:32  Void Ray  
  76  6:59  Stalker x4  
  84  7:07  Photon Cannon  
  84  7:09  Photon Cannon  
  84  7:10  Void Ray x2  
  84  7:13  Probe (Chrono Boost)  
  84  7:14  Probe x2 (Chrono Boost)  
  95  7:23  Probe (Chrono Boost)  
  95  7:26  Probe x2 (Chrono Boost)  
  95  7:28  Stalker x3  
  95  7:29  Stalker  
  107  7:38  Probe (Chrono Boost)  
  75  8:02  Void Ray x2  
  75  8:05  Stalker x4  
  79  8:12  Blink  
  79  8:15  Immortal  
  79  8:19  Probe (Chrono Boost)  
  84  8:22  Pylon  
  84  8:24  Probe (Chrono Boost)  
  84  8:26  Probe (Chrono Boost)  
  86  8:31  Probe (Chrono Boost)  
  86  8:32  Assimilator  
  87  8:34  Stalker x4  
  87  8:35  Probe (Chrono Boost)  
  87  8:36  Assimilator  
  87  8:38  Protoss Ground Weapons Level 1, Probe (Chrono Boost)  
  97  9:02  Stalker x2, Void Ray  
  99  9:03  Stalker x2  
  109  9:22  Fleet Beacon  
  109  9:23  Pylon, Void Ray  
  109  9:25  Pylon  
  109  9:28  Pylon  
  113  9:31  Pylon  
  89  9:50  Zealot x3  
  89  9:51  Zealot  
  68  10:06  Tempest  
  53  10:07  Tempest  
  65  10:19  Zealot x4  
  73  10:43  Zealot x3  
  73  10:44  Zealot  
Tags
 
Add a new tag
Caveats
  • Supply blocks, unpowered buildings, or Contaminate may cause inaccurate times.
  • Supply counts are checked every 10 seconds.